 Dungeon Sprint DCSS version 0.20-a0-1124-g2e29d97 (webtiles) character file.

1689 potatolord6000 the Fighter (level 8, -5/72 HPs)
             Began as a Demonspawn Gladiator on May 16, 2017.
             Was an Initiate of Gozag.
             Slain by a purple ugly thing (16 damage)
             ... in the Dungeon (Sprint IX: "|||||||||||||||||||||||||||||").
             The game lasted 00:02:44 (391 turns).

potatolord6000 the Fighter (Demonspawn Gladiator)    Turns: 391, Time: 00:02:45

Health: -5/72      AC: 23    Str: 17    XL:     8   Next: 72%
Magic:  8/8        EV: 18    Int: 13    God:    Gozag
Gold:   531        SH:  0    Dex: 14    Spells: 7/7 levels left

rFire    . . .     SeeInvis .   l - +4 quarterstaff (speed)
rCold    . . .     Gourm    .   (shield currently unavailable)
rNeg     . . .     Faith    .   m - +2 ring mail
rPois    .         Spirit   .   c - +0 helmet
rElec    .         Reflect  .   (no cloak)
rCorr    .         Harm     .   a - +0 pair of gloves
MR       .....     NoTele   +   (no boots)
Stlth    +.........             (no amulet)
Regen    0.3/turn               b - +3 ring of intelligence
MPRegen  0.2/turn               n - +2 ring of evasion

@: gold aura, sanguine armour
A: claws 1, rot immunity, sanguine armour 3
a: Potion Petition, Call Merchant, Bribe Branch, Renounce Religion


You were in the Dungeon.
You worshipped Gozag.
Gozag was pleased with you.
You were not hungry.

You visited 1 branch You collected 531 gold pieces.

Inventory:

Hand Weapons
 l - a +4 quarterstaff of speed (weapon)
Armour
 a - a +0 pair of gloves (worn)
 c - a +0 helmet (worn)
 m - a +2 ring mail (worn)
Jewellery
 b - a +3 ring of intelligence (left hand)
 n - a +2 ring of evasion (right hand)
Scrolls
 h - 3 scrolls of remove curse
 j - 2 scrolls of amnesia
 k - 2 scrolls of blinking
Potions
 d - a potion of invisibility
 e - 5 potions of curing
 g - 2 potions of heal wounds
 i - 4 potions of magic
Comestibles
 f - a bread ration


   Skills:
 + Level 10.0 Fighting
 + Level 9.5 Staves
 - Level 1.7 Throwing
 + Level 9.1 Armour
 + Level 9.5 Dodging


You had 7 spell levels left.
You didn't know any spells.

Dungeon Overview and Level Annotations

Branches:
Dungeon (1/1)

Altars:
Cheibriados
Dithmenos
Elyvilon
Fedhas
Gozag
Hepliaklqana
Kikubaaqudgha
Makhleb
Nemelex Xobeh
Okawaru
Qazlal
Ru
Sif Muna
Trog
Uskayaw
Vehumet
Wu Jian
Xom
Yredelemnul
Zin
The Shining One
Beogh
Jiyva
Lugonu


Innate Abilities, Weirdness & Mutations

You have sharp fingernails.
You are immune to rotting.
When seriously injured, your bleeding wounds create very thick armour. (AC +12)


Message History

The purple ugly thing is heavily wounded.
The purple ugly thing completely misses you.
The adder skeleton is distracted by the nearby gold.
You thump the purple ugly thing!
The purple ugly thing is severely wounded.
The black bear is no longer distracted by gold.
You hit the purple ugly thing.
The purple ugly thing is severely wounded.
The purple ugly thing completely misses you.
You hit the purple ugly thing.
The purple ugly thing is almost dead.
The purple ugly thing headbutts you but does no damage.
You barely miss the purple ugly thing.
The purple ugly thing is almost dead.
The adder skeleton is no longer distracted by gold.
You closely miss the purple ugly thing.
The purple ugly thing is almost dead.
The purple ugly thing headbutts you!
You die...
Your body crumbles into a pile of gold.

▓)▓
▓.▓
$
▓.▓
$
▓.▓
$
▓.▓
$
▓.▓
$
▓'▓
▓$▓
▓@▓
▓u▓
▓h▓
▓c▓
▓Z▓
▓+▓


You could see a purple ugly thing, a black bear, a centaur and an adder
skeleton.

Vanquished Creatures
  A centaur warrior (D)
  A two-headed ogre (D)
  2 sky beasts (D)
  A black bear (D)
  A necrophage (D)
  A jelly (D)
  A worker ant (D)
  2 orcs (D)
  A bat (D)
  A bat skeleton (D)
  A goblin (D)
  A quokka (D)
  2 frilled lizards (D)
  A jackal skeleton (D)
  A kobold (D)
18 creatures vanquished.

Notes
Turn   | Place    | Note
-------+----------+-------------------------------------------
     0 | D        | potatolord6000 the Demonspawn Gladiator began the quest for the Orb.
     0 | D        | Reached XP level 1. HP: 16/16 MP: 1/1
    10 | D        | Reached skill level 1 in Armour
   100 | D        | Noticed a sky beast
   100 | D        | Noticed a jelly
   119 | D        | Killed a sky beast
   119 | D        | Reached skill level 4 in Fighting
   119 | D        | Gained mutation: You are immune to rotting. [demonic ancestry]
   119 | D        | Reached XP level 2. HP: 15/26 MP: 2/2
   119 | D        | Gained mutation: When seriously injured, your bleeding wounds create armour. (AC +12) [demonic ancestry]
   119 | D        | Reached XP level 3. HP: 18/31 MP: 3/3
   119 | D        | Gained mutation: When seriously injured, your bleeding wounds create thick armour. (AC +12) [demonic ancestry]
   119 | D        | Reached XP level 4. HP: 22/38 MP: 4/4
   126 | D        | Reached skill level 5 in Fighting
   126 | D        | Reached skill level 5 in Staves
   126 | D        | Reached skill level 5 in Dodging
   132 | D        | Found a roughly hewn altar of Beogh.
   132 | D        | Found a snail-covered altar of Cheibriados.
   132 | D        | Found a shadowy altar of Dithmenos.
   132 | D        | Found a white marble altar of Elyvilon.
   132 | D        | Found a blossoming altar of Fedhas.
   132 | D        | Found an opulent altar of Gozag.
   133 | D        | Found a hazy altar of Hepliaklqana.
   134 | D        | Found a viscous altar of Jiyva.
   135 | D        | Found an ancient bone altar of Kikubaaqudgha.
   136 | D        | Found a corrupted altar of Lugonu.
   137 | D        | Found a burning altar of Makhleb.
   138 | D        | Found a sparkling altar of Nemelex Xobeh.
   139 | D        | Found an iron altar of Okawaru.
   140 | D        | Became a worshipper of Gozag Ym Sagoz the Greedy
   141 | D        | Found a stormy altar of Qazlal.
   142 | D        | Found a sacrificial altar of Ru.
   143 | D        | Found a deep blue altar of Sif Muna.
   144 | D        | Found a bloodstained altar of Trog.
   145 | D        | Found a hide-covered altar of Uskayaw.
   146 | D        | Found a radiant altar of Vehumet.
   147 | D        | Found an ornate altar of the Wu Jian Council.
   148 | D        | Found a shimmering altar of Xom.
   149 | D        | Found a basalt altar of Yredelemnul.
   150 | D        | Found a glowing silver altar of Zin.
   151 | D        | Found a glowing golden altar of the Shining One.
   316 | D        | Noticed a sky beast
   316 | D        | Noticed a two-headed ogre
   316 | D        | Noticed a necrophage
   316 | D        | Noticed a black bear
   319 | D        | Gained mutation: You have sharp fingernails. [demonic ancestry]
   319 | D        | Reached XP level 5. HP: 42/44 MP: 5/5
   326 | D        | Killed a sky beast
   326 | D        | Reached skill level 6 in Fighting
   326 | D        | Reached skill level 5 in Armour
   338 | D        | Killed a two-headed ogre
   338 | D        | Reached skill level 8 in Fighting
   338 | D        | Gained mutation: When seriously injured, your bleeding wounds create very thick armour. (AC +12) [demonic ancestry]
   338 | D        | Reached XP level 6. HP: 29/57 MP: 6/6
   338 | D        | Reached XP level 7. HP: 32/63 MP: 7/7
   348 | D        | Reached skill level 9 in Fighting
   348 | D        | Reached XP level 8. HP: 35/71 MP: 8/8
   365 | D        | Noticed a centaur warrior
   365 | D        | Noticed a purple ugly thing
   375 | D        | Killed a centaur warrior
   375 | D        | Reached skill level 10 in Fighting
   391 | D        | Slain by a purple ugly thing

Vault maps used:
D:        linesprint

Skill      XL: |  1  2  3  4  5  6  7  8 |
---------------+-------------------------+-----
Dodging        | 4 5 8 9 |  9.5
Staves         | 4 5 8 9 |  9.5
Armour         | 3 4 7 8 9 |  9.1
Fighting       | 4 5 8 9 10 | 10.0
Throwing       | |  1.7

Action                   |  1- 3 |  4- 6 |  7- 9 || total
-------------------------+-------+-------+-------++-------
Melee: Quarterstaff      |    26 |    26 |    32 ||    84
  Use: Potion            |     2 |     1 |       ||     3
 Stab: Distracted        |       |       |     1 ||     1
Armor: Leather armour    |     6 |     1 |       ||     7
       Ring mail         |       |     6 |     4 ||    10
Dodge: Dodged            |    12 |     9 |    13 ||    34
